Map: Eastwatch LE

Players

axel

  • Race: Protoss Protoss
  • Spawn Location: 7:00

Infamous - Winner!

  • Race: Protoss Protoss
  • League: Silver
  • Spawn Location: 1:00

VOD

Have the link to the VOD?

Description

Time

  • Played on: March 21, 2018, 4:12 p.m.
  • Length: 8:02
Show
View Real Time Build Order
Export as new Build Order

axel Protoss 

Build Orders: Cannon Rush 

Get SALT Encoding   

  12  0:03  Probe  
  13  0:15  Probe  
  14  0:22  Pylon  
  14  0:28  Probe (Chrono Boost)  
  15  0:42  Probe (Chrono Boost)  
  16  0:46  Probe (Chrono Boost)  
  16  0:49  Forge  
  17  0:56  Pylon  
  17  1:27  Photon Cannon  
  17  1:32  Photon Cannon  
  17  1:37  Photon Cannon  
  17  1:43  Photon Cannon  
  17  1:52  Pylon  
  17  1:58  Photon Cannon  
  17  2:06  Probe (Chrono Boost)  
  19  2:17  Probe (Chrono Boost)  
  19  2:22  Probe (Chrono Boost)  
  20  2:32  Gateway  
  20  2:46  Photon Cannon  
  20  2:55  Photon Cannon  
  20  3:00  Photon Cannon  
  20  3:09  Assimilator  
  20  3:11  Probe (Chrono Boost)  
  22  3:20  Zealot  
  22  3:21  Probe (Chrono Boost)  
  22  3:26  Probe (Chrono Boost)  
  25  3:37  Probe  
  26  3:45  Cybernetics Core  
  26  3:49  Pylon  
  26  3:54  Zealot  
  28  4:04  Photon Cannon  
  28  4:16  Probe (Chrono Boost)  
  29  4:27  Probe (Chrono Boost)  
  30  4:31  Protoss Ground Weapons Level 1  
  30  4:32  Probe (Chrono Boost)  
  31  4:50  Nexus  
  31  4:52  Stalker  
  33  5:07  Warp Gate (Chrono Boost)  
  33  5:08  Assimilator  
  33  5:33  Stalker  
  21  5:58  Probe  
  20  6:10  Probe  
  12  6:22  Probe  
  8  6:34  Probe  
  8  6:46  Probe  
  7  6:56  Stalker  
  3  7:33  Zealot  
Show
View Real Time Build Order
Export as new Build Order

Infamous Protoss - Winner!

Build Orders:  

Get SALT Encoding   

  12  0:01  Probe  
  13  0:13  Probe  
  14  0:18  Pylon  
  14  0:25  Probe  
  15  0:37  Gateway  
  15  0:40  Probe (Chrono Boost)  
  17  0:50  Probe (Chrono Boost)  
  17  0:55  Probe (Chrono Boost)  
  18  1:03  Assimilator  
  18  1:07  Probe  
  19  1:15  Pylon  
  19  1:19  Probe  
  19  1:24  Cybernetics Core  
  20  1:41  Zealot (Chrono Boost)  
  20  1:42  Pylon  
  22  1:55  Forge  
  22  2:02  Gateway  
  22  2:05  Stalker (Chrono Boost)  
  24  2:11  Pylon  
  24  2:14  Probe  
  25  2:21  Assimilator  
  25  2:33  Photon Cannon  
  25  2:44  Photon Cannon  
  21  2:54  Photon Cannon  
  21  2:59  Warp Gate (Chrono Boost)  
  21  3:04  Stalker (Chrono Boost)  
  23  3:19  Photon Cannon  
  23  3:34  Photon Cannon  
  25  3:35  Stalker (Chrono Boost)  
  25  3:41  Pylon  
  25  3:44  Pylon  
  25  3:51  Probe  
  26  4:04  Probe  
  27  4:13  Photon Cannon  
  27  4:16  Probe  
  28  4:20  Shield Battery  
  28  4:28  Probe  
  28  4:30  Photon Cannon  
  29  4:57  Photon Cannon, Protoss Ground Armor Level 1  
  29  4:58  Gateway  
  29  5:09  Stalker  
  29  5:12  Zealot  
  33  5:33  Zealot  
  33  5:34  Zealot  
  35  6:01  Stalker  
  37  6:15  Pylon  
  37  6:19  Stalker  
  37  6:23  Probe  
  40  6:27  Stalker  
  42  6:35  Probe  
  42  6:45  Stalker  
  42  6:50  Photon Cannon  
  37  6:56  Stalker  
  35  7:13  Probe  
  36  7:16  Stalker  
  38  7:24  Stalker  
  38  7:25  Probe  
  41  7:38  Probe  
  42  7:50  Probe  
  43  8:01  Pylon  
Tags
 
League
Silver
Matchup
PvP
Replay Pack
Last Remnant (2)
Spawn Locations
Cross Positions
Add a new tag
Caveats
  • Supply blocks, unpowered buildings, or Contaminate may cause inaccurate times.
  • Supply counts are checked every 10 seconds.